 Dungeon Crawl Stone Soup version 0.29.1-2-gbd0b4ee654 (webtiles) character file.

Game seed: 11281597740195955898

86 Icepheonix32 the Ruffian (level 4, -6/34 HPs)
             Began as a Demigod Transmuter on Nov 9, 2022.
             Splashed by a jelly's acid (11 damage)
             ... on level 3 of the Dungeon.
             The game lasted 00:04:36 (3103 turns).

Icepheonix32 the Ruffian (Demigod Transmuter)       Turns: 3103, Time: 00:04:36

Health: -6/34      AC: -5    Str: 15    XL:     4   Next: 5%
Magic:  9/9        EV: 12    Int: 15    God:
Gold:   131        SH:  0    Dex: 14    Spells: 6/7 levels left

rFire   . . .      SeeInvis .     - Unarmed
rCold   . . .      Faith    .   (no shield)
rNeg    + . .      Spirit   .   a - +0 robe
rPois   .          Reflect  .   (helmet currently unavailable)
rElec   .          Harm     .   l - +0 cloak
rCorr   .          Rampage  .   (no gloves)
Will    .....                   (boots currently unavailable)
Stlth   ++........              (no amulet)
HPRegen 0.11/turn               r - ring of positive energy
MPRegen 0.11/turn               (no ring)

@: appendages, corroded
A: horns 2, talons 2, high MP 1, forlorn, divine attributes
a: End Transformation


You were on level 3 of the Dungeon.
You had temporarily grown beastly horns and talons.
You visited 1 branch of the dungeon, and saw 3 of its levels.

You collected 131 gold pieces.

Inventory:

Missiles
 e - a javelin
 h - 3 poisoned darts
Armour
 a - a +0 robe (worn)
 l - a +0 cloak (worn)
 q - a +2 pair of boots (melded)
Jewellery
 r - a ring of positive energy (left hand)
Scrolls
 c - a scroll of immolation
 d - a scroll of enchant weapon {unknown}
 f - 2 scrolls of teleportation {unknown}
 g - 2 scrolls of magic mapping {unknown}
 k - a scroll of vulnerability {unknown}
 n - a scroll of noise {unknown}
Potions
 b - a potion of lignification
 i - a potion of resistance
 m - a potion of might {unknown}
 o - a potion of haste {unknown}
 p - a potion of curing {unknown}


   Skills:
 + Level 0.9 Fighting
 * Level 2.2 Dodging
 + Level 0.8 Stealth
 + Level 3.5 Unarmed Combat
 + Level 2.1 Spellcasting
 + Level 2.6 Transmutations


You had 6 spell levels left.
You knew the following spells:

 Your Spells              Type           Power      Damage    Failure   Level
a - Beastly Appendage     Tmut           18%        N/A       8%          1

Your spell library contained the following spells:

 Spells                   Type           Power      Damage    Failure   Level
 Wereblood                Tmut           9%         N/A       11%         2
 Slow                     Hex            4%         N/A       22%         1
 Spider Form              Tmut/Pois      5%         N/A       36%         3
 Confusing Touch          Hex            1%         N/A       54%         3
 Vampiric Draining        Necr           1%         2d6       54%         3
 Ice Form                 Ice/Tmut       5%         N/A       77%         4


Dungeon Overview and Level Annotations

Branches:
Dungeon (3/15)


Innate Abilities, Weirdness & Mutations

You have temporarily grown beastly horns and talons.
You have an increased reservoir of magic. (+10% MP)
You shall have no god before yourself.
Your divine heritage dramatically boosts your attributes as you level up.


Message History

You kill the kobold!
No target in view!
No target in view!
No target in view!
No target in view!
Your horns disappear.
Your talons disappear.
Your +2 pair of boots unmelds from your body.
Things that are here:
a +0 whip; a kobold corpse You open the door.
A jelly comes into view.
Found a rat skeleton and a goblin skeleton.
A jelly is nearby!
You grow a pair of large bovine horns.
Your feet morph into talons.
Your +2 pair of boots melds into your body.
The jelly quivers.
You hit the jelly but do no damage.
Your hands burn!
The jelly hits you.
You are splashed with acid!
You hit the jelly. The acid corrodes you!
Your hands burn!
You claw the jelly, but do no damage.
The jelly is lightly wounded.
The jelly closely misses you.
You hit the jelly. The acid corrodes you!
Your hands burn!
The jelly is heavily wounded.
The jelly hits you.
You are splashed with acid!
* * * LOW HITPOINT WARNING * * *
You are too injured to fight recklessly!
Unknown command.
The jelly attacks as you move away! The jelly closely misses you.
It was a potion of magic.
Magic courses through your body. The jelly completely misses you.
Unknown command.
You hit the jelly but do no damage.
Your hands burn!
* * * LOW HITPOINT WARNING * * *
You headbutt the jelly, but do no damage.
The jelly is heavily wounded.
The jelly hits you.
* * * LOW HITPOINT WARNING * * *
The acid corrodes you!
You are splashed with acid!
You die...

....##............##.# #.#.######
......#########.####.###.#.#.....
.........................#.#.####
...#################.........####
...# ###### ########......
...##### ..÷...# ######## #######
.......# ....÷.'##......#####
.......# #J#.......##.#####
.......# #@#........'.#....
.......# #.#........')))...
.......# #.#'#......'.#))..
.)#....# #.#.#(....##.#....
<.#....# #.#.#....#####....
..#....# ##.####### #....
..+....# ### #....
#.#....############ #....
#.#...............# #....


You could see a jelly.

Vanquished Creatures
  An adder (D:3)
  A worm (D:2)
  7 dart slugs
  An orc (D:3)
  6 endoplasms
  3 giant cockroaches
  4 hobgoblins
  5 jackals (D:1)
  A quokka (D:3)
  2 ball pythons
  9 bats
  4 frilled lizards
  10 kobolds
  6 rats
60 creatures vanquished.

Vanquished Creatures (others)
  10 toadstools (D:3)
10 creatures vanquished.

Grand Total: 70 creatures vanquished

Notes
Turn   | Place    | Note
-------+----------+-------------------------------------------
     0 | D:1      | Icepheonix32 the Demigod Transmuter began the quest for the
                  | Orb.
     0 | D:1      | Reached XP level 1. HP: 15/15 MP: 5/5
   106 | D:1      | Reached skill level 3 in Unarmed Combat
   113 | D:1      | Reached XP level 2. HP: 6/22 MP: 5/7
   895 | D:1      | Reached XP level 3. HP: 27/27 MP: 6/8
  2890 | D:3      | Reached XP level 4. HP: 34/34 MP: 9/9
  3103 | D:3      | Splashed by a jelly's acid

Illustrated notes

Levels and vault maps discovered:
D:1:      spicycebolla_arrival_ecumenical, layout_rooms, minmay_parallelograms,
          minmay_close_crescents
D:2:      layout_basic
D:3:      cheibrodos_fertilizer, layout_basic, guppyfry_early_lair_pool

Skill      XL: |  1  2  3 |
---------------+----------+-----
Unarmed Combat | 3 |  3.5
Transmutations | 2 |  2.6
Spellcasting   | 2 |  2.1
Dodging        | 2 |  2.2
Fighting       | |  0.9
Stealth        | |  0.8

Action                   |  1- 3 |  4- 6 || total
-------------------------+-------+-------++-------
Melee: Unarmed           |   151 |    12 ||   163
       Kick              |    24 |     3 ||    27
       Headbutt          |    17 |     2 ||    19
       Punch             |     4 |     1 ||     5
Throw: Dart              |       |     3 ||     3
       Javelin           |       |     2 ||     2
 Cast: Beastly Appendage |    35 |     3 ||    38
  Use: Scroll            |     3 |       ||     3
       Potion            |       |     1 ||     1
 Stab: Sleeping          |     3 |       ||     3
Armor: Robe              |    36 |     1 ||    37
Dodge: Dodged            |    91 |    11 ||   102
